 Dungeon Crawl Stone Soup version 0.18-a0-1186-gd02dc51 (webtiles) character file.

155 4thArraOfDagon the Cudgeler (level 5, -4/57 HPs)
             Began as an Ogre Berserker on Jan 28, 2016.
             Was a Follower of Trog.
             Slain by a bone dragon (8 damage)
             ... on level 1 of the Abyss.
             The game lasted 00:02:47 (393 turns).

4thArraOfDagon the Cudgeler (Ogre Berserker)         Turns: 393, Time: 00:02:47

Health: -4/57      AC:  8    Str: 23    XL:     5   Next: 37%
Magic:  5/5        EV:  7    Int:  6    God:    Trog [*.....]
Gold:   64         SH: 10    Dex:  5    Spells: 0 memorised, 4 levels left

rFire  . . .     SeeInvis .     i - +0 mace (protect)
rCold  . . .     Gourm    .     b - +0 animal skin
rNeg   . . .     Faith    .     d - +2 shield {reflect}
rPois  .         Spirit   .     (helmet restricted)
rElec  .         Dismiss  .     (no cloak)
rCorr  .         Reflect  +     (gloves unavailable)
SustAt .         Harm     .     (boots unavailable)
MR     .....     Rnd*Rage +     (no amulet)
Stlth  +.........               (no ring)
                                (no ring)

@: not resistant to hostile enchantments, very unstealthy
A: unfitting armour, berserk 2, blurry vision 2, clumsy 2, tough skin 1
a: Berserk, Burn Spellbooks, Renounce Religion


You were on level 1 of the Abyss.
You worshipped Trog.
Trog was aware of your devotion.
You were not hungry.

You visited 1 branch of the dungeon, and saw 1 of its levels.
You visited the Abyss 1 time.

You collected 64 gold pieces.

Inventory:

Hand Weapons
 a - a +0 mace
 e - a +2 dagger of distortion
 g - a +2 dagger of venom
 i - a +0 mace of protection (weapon)
Armour
 b - a +0 animal skin (worn)
 d - a +2 shield of reflection (worn)
Scrolls
 f - 3 scrolls of amnesia {unknown}
Books
 h - a Grand Grimoire

   Spells                             Type                      Level
   a - Monstrous Menagerie            Summoning                    7
   b - Summon Greater Demon           Summoning                    7
   c - Malign Gateway                 Summoning/Translocation      7
   d - Summon Horrible Things         Summoning                    8
   Trog disapproves of the use of such an item.
Comestibles
 c - 2 bread rations


   Skills:
 + Level 5.0 Fighting
 * Level 5.5 Maces & Flails
 + Level 3.2 Dodging
 * Level 2.1 Shields


You had 4 spell levels left.
You didn't know any spells.

Dungeon Overview and Level Annotations

Branches:
Dungeon (1/15)

Altars:


Innate Abilities, Weirdness & Mutations

You are too large for most types of armour.
You have tough skin (AC +1).
[You often lose your temper in combat.]
[Scrolls take you longer to read.]
[You are very clumsy. (Dex -4)]


Message History

Unknown command.
Unknown command.
Unknown command.
Unknown command.
Unknown command.
The wretched star pulses with an eldritch light!
You feel clumsy. x2; Your vision blurs. x2
Unknown command.
Unknown command.
Unknown command.
A tentacled starspawn comes into view.
Unknown command.
Unknown command.
Unknown command.
Unknown command.
The bone dragon bites you!
* * * LOW HITPOINT WARNING * * *
The bone dragon claws you but does no damage.
The bone dragon tramples you!
You die...

.##..##.
....... ......
.. .. ..# ..#
###.##..##..##
...#... ...X.
###.##.###...##
#..@#...#.....#
#...D.....X....
###...#.*.#.##
.
#..#..#..#...#
#..
#.##.#...*#.
##.. #..
##..##..##..#
.. ...
####..#....#..
# ###
#....#...#.#.
.. ...#.......
♣


You could see a bone dragon, a tentacled starspawn and a wretched star.

Vanquished Creatures
  A ynoxinul (Abyss:1)
  A goblin (D:1)
  A hobgoblin (D:1)
  A bat (D:1)
4 creatures vanquished.

Vanquished Creatures (others)
  2 starspawn tentacles (Abyss:1)
2 creatures vanquished.

Grand Total: 6 creatures vanquished

Notes
Turn   | Place    | Note
--------------------------------------------------------------
     0 | D:1      | 4thArraOfDagon the Ogre Berserker began the quest for the Orb.
     0 | D:1      | Reached XP level 1. HP: 24/24 MP: 1/1
    97 | D:1      | rip
   226 | D:1      | Cast into level 1 of the Abyss (a distortion unwield)
   256 | Abyss:1  | Identified a scroll of acquirement
   293 | Abyss:1  | Noticed a starcursed mass
   293 | Abyss:1  | Noticed a bone dragon
   295 | Abyss:1  | Noticed a ynoxinul
   301 | Abyss:1  | Killed a ynoxinul
   301 | Abyss:1  | Reached skill level 5 in Fighting
   301 | Abyss:1  | Reached skill level 5 in Maces & Flails
   301 | Abyss:1  | Reached XP level 2. HP: 31/35 MP: 2/2
   301 | Abyss:1  | Reached XP level 3. HP: 37/42 MP: 3/3
   301 | Abyss:1  | Reached XP level 4. HP: 44/50 MP: 4/4
   301 | Abyss:1  | Reached XP level 5. HP: 50/57 MP: 5/5
   315 | Abyss:1  | Noticed a large abomination
   374 | Abyss:1  | Noticed a death knight
   378 | Abyss:1  | Noticed a wretched star
   389 | Abyss:1  | Noticed a tentacled starspawn
   393 | Abyss:1  | Slain by a bone dragon

Vault maps used:
D:1:      minmay_arrival_semitransparent

Action                   |  1- 3 |  4- 6 || total
-------------------------+-------+-------++-------
Melee: Dagger            |     8 |       ||     8
       Mace              |     6 |       ||     6
Invok: Berserk           |     1 |       ||     1
  Use: Scroll            |     2 |       ||     2
       Potion            |     1 |       ||     1
